 Dungeon Crawl Stone Soup version 0.17-a0-1403-g9df874c (webtiles) character file.

247 bal the Ducker (level 5, -3/40 HPs)
             Began as a Demonspawn Gladiator on June 20, 2015.
             Slain by an iron imp (4 damage)
             ... summoned by Natasha
             ... on level 3 of the Dungeon.
             The game lasted 00:06:44 (1739 turns).

bal the Ducker (Demonspawn Gladiator)               Turns: 1739, Time: 00:06:44

Health: -3/40      AC:  7    Str: 17    XL:     5   Next: 85%
Magic:  5/5        EV: 12    Int:  9    God:
Gold:   147        SH:  0    Dex: 15    Spells: 0 memorised, 4 levels left

rFire  . . .     SeeInvis .     s - +0 spear (pierce)
rCold  . . .     Clarity  .     u - +0 scale mail
rNeg   . . .     SustAt   .     (no shield)
rPois  .         Gourm    .     (helmet restricted)
rElec  .         Spirit   .     l - +0 cloak
rCorr  .         Warding  .     (no gloves)
rMut   .         Stasis   .     (no boots)
MR     .....                    (no amulet)
Stlth  ..........               (no ring)
                                (no ring)

@: not resistant to hostile enchantments, extremely unstealthy
A: claws 2, hooves 1, horns 1, agile 1, powered by death 1
a: no special abilities


You were on level 3 of the Dungeon.
You were not hungry.

You visited 1 branch of the dungeon, and saw 3 of its levels.

You collected 147 gold pieces.

Inventory:

Hand weapons
 a - a +0 war axe
 o - a +0 hunting sling
 s - a +0 spear of piercing (weapon)
Missiles
 d - 3 throwing nets (quivered)
 q - 18 poisoned sling bullets
Armour
 b - a +0 leather armour
 c - a +0 helmet
 l - a +0 cloak (worn)
 t - a +0 helmet
 u - a +0 scale mail (worn)
Scrolls
 i - a scroll of identify
 n - a scroll of recharging {unknown}
 r - a scroll of amnesia
Potions
 f - 2 potions of heal wounds
 h - a potion of brilliance
 j - a potion of flight
Comestibles
 e - 2 bread rations
 g - a meat ration
 m - 8 fruits
 p - 2 royal jellies


   Skills:
 + Level 2.8 Fighting
 + Level 3.2(3.3) Axes
 + Level 1.0(2.2) Polearms
 + Level 2.0 Throwing
 + Level 2.0 Armour
 + Level 4.5 Dodging
 + Level 0.4 Stealth


You had 4 spell levels left.
You didn't know any spells.

Dungeon Overview and Level Annotations

Branches:
Dungeon (3/15)

Altars:

Annotations:
D:3 Natasha


Innate Abilities, Weirdness & Mutations

You have very sharp fingernails.
You have large cloven feet.
You regenerate a little health from kills.
You have a pair of small horns on your head.
You are agile. (Dex +2)


Message History

Natasha is severely wounded.
Natasha completely misses you. The shadow imp closely misses you.
You barely miss Natasha. Your kick misses Natasha. You headbutt Natasha.
Natasha is severely wounded.
Natasha claws you.
* * * LOW HITPOINT WARNING * * *
The shadow imp barely misses you.
The iron imp hits you but does no damage.
You hit Natasha but do no damage. You kick Natasha, but do no damage.
Natasha is severely wounded.
Natasha claws you.
* * * LOW HITPOINT WARNING * * *
The shadow imp hits you but does no damage.
The iron imp barely misses you.
Your scale mail prevents you from hitting Natasha.
Natasha is severely wounded.
Natasha closely misses you. The shadow imp hits you.
* * * LOW HITPOINT WARNING * * *
The iron imp hits you.
You die...

### ###### # ..##.#
.....# #. #.##.#
####.# #.## #.##.# ##
#.# ...
#.##.######### .# #.#
#h##.##.........# .#
#.# #5@5........###.#
.# #.#
#.####......#.###.###
.###.#
#......#...##........
.....# #.#
#########.#######.##.
.##### #.#
#.........##. .# #.#
#.##########. .## #>#
#+# #.... ..# #.#
#.##. ..# #.### #.##.


You could see an iron imp, Natasha and a shadow imp.

Vanquished Creatures
  An ogre (D:3)
  An orc priest (D:3)
  Robin (D:2)
  3 adders (D:2)
  A worm (D:3)
  3 giant geckos
  4 orcs (D:3)
  11 bats
  5 giant cockroaches
  8 goblins
  11 hobgoblins
  6 jackals (D:1)
  2 ball pythons
  4 giant newts
  9 kobolds
  9 rats
79 creatures vanquished.

Notes
Turn   | Place    | Note
--------------------------------------------------------------
     0 | D:1      | bal the Demonspawn Gladiator began the quest for the Orb.
     0 | D:1      | Reached XP level 1. HP: 16/16 MP: 1/1
   123 | D:1      | Gained mutation: You have large cloven feet. [demonic ancestry]
   123 | D:1      | Reached XP level 2. HP: 4/22 MP: 2/2
   363 | D:1      | Reached skill level 3 in Dodging
   708 | D:1      | Gained mutation: You regenerate a little health from kills. [demonic ancestry]
   708 | D:1      | Reached XP level 3. HP: 25/27 MP: 3/3
   945 | D:2      | Reached skill level 1 in Armour
  1087 | D:2      | Noticed Robin
  1088 | D:2      | Gained mutation: You have sharp fingernails. [demonic ancestry]
  1088 | D:2      | Reached XP level 4. HP: 31/34 MP: 4/4
  1112 | D:2      | Killed Robin
  1289 | D:2      | Gained mutation: You are agile. (Dex +2) [potion of beneficial mutation]
  1300 | D:2      | Gained mutation: You have a pair of small horns on your head. [potion of beneficial mutation]
  1417 | D:3      | Noticed an ogre
  1424 | D:3      | Killed an ogre
  1424 | D:3      | Reached skill level 4 in Dodging
  1424 | D:3      | Gained mutation: You have very sharp fingernails. [demonic ancestry]
  1424 | D:3      | Reached XP level 5. HP: 40/40 MP: 5/5
  1480 | D:3      | Reached skill level 1 in Polearms
  1725 | D:3      | Noticed Natasha
  1739 | D:3      | HP: 1/40 [shadow imp[Natasha] (3)]
  1739 | D:3      | Slain by an iron imp

Vault maps used:
D:1:      dpeg_arrival_short_road
D:2:      uniq_robin
D:3:      first_bread, uniq_natasha

Action                   |  1- 3 |  4- 6 || total
-------------------------+-------+-------++-------
Melee: War axe           |   116 |    23 ||   139
       Spear             |       |    98 ||    98
  Use: Potion            |       |     6 ||     6
       Scroll            |       |     2 ||     2
 Stab: Sleeping          |     1 |     1 ||     2
  Eat: Chunk             |     1 |     2 ||     3
